 Dungeon Crawl Stone Soup version 0.27-a0-998-g4cfe56dd59 (webtiles) character file.

Game seed: 8051354569830957300

14 karrick the Magician (level 2, 0/21 HPs)
             Began as a Djinni Enchanter on Apr 17, 2021.
             Slain by a goblin
             ... wielding a +0 club
             ... led by Robin
              (4 damage)
             ... on level 1 of the Dungeon.
             The game lasted 00:01:45 (1891 turns).

karrick the Magician (Djinni Enchanter)             Turns: 1891, Time: 00:01:47

Health: 0/21       AC:  2    Str:  7    XL:     2   Next: 41%
Gold:   52         EV: 12    Int: 16    God:
                   SH:  0    Dex: 13

rFire    + + .     SeeInvis .   a - +1 dagger
rCold    x . .     Faith    .   (no shield)
rNeg     . . .     Spirit   .   b - +0 robe
rPois    ∞         Reflect  .   (no helmet)
rElec    .         Harm     .   (no cloak)
rCorr    .         Rampage  .   (no gloves)
Will     .....                  (boots unavailable)
Stlth    ++........             (no amulet)
HPRegen  0.07/turn              (no ring)
MPRegen  0.00/turn              (no ring)

@: flying
A: fire resistance 2, cold vulnerability 1, float, innate caster, hp casting,
extra vitality 1
a: no special abilities


You were on level 1 of the Dungeon.
You visited 1 branch of the dungeon, and saw 2 of its levels.

You collected 52 gold pieces.

Inventory:

Hand Weapons
 a - a +1 dagger (weapon)
Armour
 b - a +0 robe (worn)
Jewellery
 d - an amulet of magic regeneration
Scrolls
 c - a scroll of summoning {unknown}
Potions
 e - 2 potions of berserk rage {unknown}
 f - 2 potions of cancellation {unknown}


   Skills:
 + Level 0.1 Fighting
 + Level 0.9 Short Blades
 + Level 2.2 Dodging
 + Level 2.4 Stealth
 + Level 3.2 Spellcasting


You couldn't memorise any spells.
You knew the following spells:

 Your Spells              Type           Power      Damage    Failure   Level
a - Corona                Hex            13%        N/A       4%          1
b - Ensorcelled Hibernat  Hex/Ice        24%        N/A       8%          2
c - Confusing Touch       Hex            12%        N/A       14%         3
d - Tukima's Dance        Hex            12%        N/A       14%         3
e - Dazzling Flash        Conj/Hex       24%        N/A       14%         3
Your spell library was empty.

Dungeon Overview and Level Annotations

Branches:
Dungeon (2/15)

Altars:

Annotations:
D:2 Robin


Innate Abilities, Weirdness & Mutations

You are immune to poison.
Your flesh is very heat resistant. (rF++)
You are vulnerable to cold. (rC-)
You float through the air rather than walking.
You learn spells naturally, not from books.
Your magical power is your life essence.
You have superior vitality. (+4 HP)


Message History

Found 23 bolts.
There is a shaft here.
You reach down and open the door.
There is an open door here.
You reach down and open the door.
There is an open door here.
You see here 18 stones.
You see here 18 stones.
There is an open door here.
There is an open door here.
You see here a +0 hunting sling.
You see here 13 stones.
Done exploring.
Done exploring.
There is an open door here.
There is a stone staircase leading down here.
You fly downwards. 10 goblins, a hobgoblin and Robin come into view.
A goblin is wielding a +2 dagger of draining.
The goblin shouts! x4; The hobgoblin shouts!
The goblin shouts! x2
Found 7 javelins.
Found a stone staircase leading down.
There is a stone staircase leading up here.
Unknown command.
The goblin shouts!
The goblin hits you with a +0 dagger. The hobgoblin misses you.
The goblin hits you with a +0 club. The goblin hits you with a +0 dagger.
The goblin closely misses you. The goblin hits you with a +0 dagger.
You fly upwards.
There is a stone staircase leading down here.
Unknown command.
Casting: Corona (safe; 4% risk of failure)
Confirm with . or Enter, or press ? or * to list all spells.
Aiming: Ensorcelled Hibernation (safe; 8% risk of failure)
Press: ? - help, Shift-Dir - straight line, f - goblin
Aim: a goblin, wielding a +0 dagger (chance to affect: 61%)
The goblin looks drowsy...
The goblin hits you with a +0 dagger.
* * * LOW HITPOINT WARNING * * *
The goblin closely misses you. The hobgoblin closely misses you.
The goblin hits you with a +0 club.
You die...

########### #.........#
#.#######.# #.# ####.#
#######.####.##.#######
#.......ggg...........#
#.#####.#@g.....#####.####
#.# #.#g#.....# #.....
##.## #.#....#..# ##..###
#...####.........# #...###
#......###.##.#.## #......
#...##.# #......# #...###
######.#####...## ###.# #
#........#..(..## #.###
#..##.##........## ##....


You could see a hobgoblin and 4 goblins.

Vanquished Creatures
  3 endoplasms (D:1)
  A giant cockroach (D:1)
  2 quokkas (D:1)
  2 ball pythons (D:1)
  2 bats (D:1)
  A kobold (D:1)
  3 rats (D:1)
14 creatures vanquished.

Notes
Turn   | Place    | Note
-------+----------+-------------------------------------------
     0 | D:1      | karrick the Djinni Enchanter began the quest for the Orb.
     0 | D:1      | Reached XP level 1. HP: 15/15 MP: 0/0
   637 | D:1      | Reached skill level 3 in Spellcasting
   649 | D:1      | Reached XP level 2. HP: 2/21 MP: 0/0
  1888 | D:2      | Noticed Robin
  1891 | D:1      | Slain by a goblin

Illustrated notes

Levels and vault maps discovered:
D:1:      scummos_arrival_simple_fountains, layout_loops_corners
D:2:      layout_rooms, kennysheep_generic_room_12, uniq_robin

Skill      XL: |  1 |
---------------+----+-----
Spellcasting   | 3 |  3.2
Fighting       | |  0.1
Short Blades   | |  0.9
Dodging        | |  2.2
Stealth        | |  2.4

Action                   || total
-------------------------++-------
Melee: Dagger            ||    59
 Cast: Corona            ||    18
       Ensorcelled Hiber ||     1
Armor: Robe              ||     9
Dodge: Dodged            ||    41

Table legend: (Time is in decaauts)
 A = Elapsed time spent in this place.
 B = Non-inter-level travel time spent in this place.
 C = Inter-level travel time spent in this place.
 D = Time resting spent in this place.
 E = Time spent auto-exploring this place.
 F = Levels seen in this place.
 G = Mean time per level.
                   A        B        C        D        E       F      G
               +--------+--------+--------+--------+--------+-----+--------+
         Total |   1889 |   1860 |     29 |    457 |   1263 |   2 |  944.5 |
       Dungeon |   1889 |   1860 |     29 |    457 |   1263 |   2 |  944.5 |
               +--------+--------+--------+--------+--------+-----+--------+

Top non-repeatable levels by time:
     D:1: 1887 daAuts
     D:2: 1 daAuts
